[Event "Titled Tuesday Blitz August 22 Late 2023"]
[White "matenitian"]
[Black "Ronka, Erik"]
[BlackFideId "505080"]
[WhiteElo "2522"]
[BlackElo "2416"]
[Result "0-1"]
[Round "8"]
[TimeControl "180+1"]
[Date "2023.08.22"]
[WhiteClock "0:00:08"]
[BlackClock "0:00:19"]
[Board "97"]

1. e4 c5 2. Nc3 e6 3. Nf3 d6 4. g3 Nf6 5. Bg2 Be7 6. d3 O-O 7. O-O Nc6 8. Bd2 Rb8 9. a4 a6 10. Ng5 Bd7 11. f4 b5 12. axb5 axb5 13. f5 b4 14. Ne2 exf5 15. exf5 Ne5 16. d4 Nc4 17. Bc1 Qc7 18. b3 Nb6 19. Kh1 Bc6 20. Nf4 Bxg2+ 21. Nxg2 Nbd5 22. Qd3 Rbc8 23. Rf2 Rfe8 24. Bb2 c4 25. bxc4 Qxc4 26. Qxc4 Rxc4 27. Nf3 Rec8 28. Nfe1 h6 29. h3 Ne4 30. Rf3 Bf6 31. Rd1 Ndc3 32. Rdd3 Rxd4 33. Kh2 Rxd3 34. Nxd3 Nd5 35. Bxf6 Nexf6 36. Nge1 Rc3 37. Rf2 Ne3 38. Re2 Nxf5 39. g4 Nd4 40. Re7 Nxc2 41. Rb7 Nxe1 42. Nxe1 b3 43. Kg1 Ne4 44. Kf1 Rc1 45. Ke2 Nc5 46. Rb8+ Kh7 47. Nd3 Rc2+ 48. Ke3 Rc3 0-1


[Site "https://www.chess.com"]

[Event "Titled Tuesday Blitz August 22 Late 2023"]
[White "Romero Ruscalleda, Josep"]
[Black "arenal72"]
[WhiteFideId "2231859"]
[WhiteElo "2406"]
[BlackElo "2521"]
[Result "0-1"]
[Round "8"]
[TimeControl "180+1"]
[Date "2023.08.22"]
[WhiteClock "0:00:00"]
[BlackClock "0:00:45"]
[Board "98"]

1. e4 Nc6 2. Nf3 d6 3. d4 Nf6 4. Nc3 g6 5. Bc4 Bg7 6. O-O O-O 7. Qe2 Bg4 8. Be3 e5 9. dxe5 Nxe5 10. Bb3 Nh5 11. Nd5 c6 12. Nf4 Bxf3 13. gxf3 Qh4 14. Nxh5 Qxh5 15. Kg2 a5 16. a4 Kh8 17. Rfe1 f5 18. f4 Ng4 19. h3 Nxe3+ 20. Qxe3 fxe4 21. Qxe4 d5 22. Qe3 Qh4 23. c3 Rxf4 24. Re2 Raf8 25. Rae1 d4 26. Qg3 dxc3 27. bxc3 Qxg3+ 28. fxg3 Rf3 29. Re7 Bxc3 30. Rd1 Bb4 31. Rxb7 Rxb3 32. h4 Rb2+ 33. Kh3 Bc3 34. Rdd7 Rxb7 35. Rxb7 Bb4 36. Rc7 c5 37. Kg4 Rf5 38. Rc6 Kg7 39. Rc7+ Kh6 40. Rb7 c4 41. Rc7 Rc5 42. Rf7 c3 43. Kh3 c2 44. g4 c1=Q 45. g5+ Rxg5 46. hxg5+ Qxg5 0-1


[Site "https://www.chess.com"]

[Event "Titled Tuesday Blitz August 22 Late 2023"]
[White "Jovic, Stanoje"]
[Black "JerMorGurgeh"]
[WhiteFideId "905020"]
[WhiteElo "2517"]
[BlackElo "2388"]
[Result "1/2-1/2"]
[Round "8"]
[TimeControl "180+1"]
[Date "2023.08.22"]
[WhiteClock "0:00:31"]
[BlackClock "0:00:40"]
[Board "99"]

1. c4 Nf6 2. g3 c6 3. Bg2 d5 4. cxd5 cxd5 5. Nf3 Nc6 6. d4 Bf5 7. Nc3 e6 8. O-O Bd6 9. Bf4 Bxf4 10. gxf4 O-O 11. Ne5 Ne7 12. Qb3 Rb8 13. Rfc1 Ne8 14. Qa4 a6 15. e4 dxe4 16. Nxe4 Bxe4 17. Bxe4 Nd6 18. f3 Ng6 19. Bxg6 fxg6 20. Qd7 Rf6 21. Rc7 Qf8 22. Ng4 Rxf4 23. Qxe6+ Kh8 24. Rd7 Nf5 25. Ne5 Nxd4 26. Rxd4 Rxd4 27. Nf7+ Kg8 28. Ne5+ Kh8 29. Nf7+ Kg8 30. Ne5+ Kh8 1/2-1/2


[Site "https://www.chess.com"]

[Event "Titled Tuesday Blitz August 22 Late 2023"]
[White "Lawson, Eric"]
[Black "Melikhov, Evgeny V."]
[WhiteFideId "2604116"]
[BlackFideId "4122046"]
[WhiteElo "2513"]
[BlackElo "2392"]
[Result "1-0"]
[Round "8"]
[TimeControl "180+1"]
[Date "2023.08.22"]
[WhiteClock "0:00:59"]
[BlackClock "0:00:11"]
[Board "100"]

1. e4 e5 2. Nf3 Nc6 3. Bc4 Nf6 4. d3 Be7 5. O-O O-O 6. Nc3 d6 7. a4 a5 8. Bd2 Be6 9. Nd5 Bxd5 10. exd5 Nd4 11. Nxd4 exd4 12. Qf3 Nd7 13. Rfe1 Bf6 14. Qh5 g6 15. Qh3 Bg7 16. Re4 f5 17. Re6 Nc5 18. Re2 Qf6 19. Bb5 b6 20. Bc6 Rad8 21. f4 Rf7 22. Rae1 Bf8 23. Qf3 Re7 24. Rxe7 Bxe7 25. Re2 Rf8 26. Be1 Bd8 27. Bf2 Rf7 28. Re8+ Kg7 29. Qe2 Re7 30. Rxe7+ Bxe7 31. Kf1 Kf8 32. Ke1 h6 33. Kd1 g5 34. g3 g4 35. Qe1 h5 36. Qg1 Qg7 37. Bxd4 Bf6 38. Bxf6 Qxf6 39. Kc1 Qe7 40. Qf2 Kf7 41. Kd2 Qf6 42. c3 Qe7 43. b4 axb4 44. cxb4 Na6 45. Qd4 Qf6 46. Qxf6+ Kxf6 47. Kc3 Nb8 48. a5 bxa5 49. bxa5 1-0


[Site "https://www.chess.com"]

[Event "Titled Tuesday Blitz August 22 Late 2023"]
[White "Kaplan, Avi Harrison"]
[Black "Seresin, Francesco"]
[WhiteFideId "30934559"]
[BlackFideId "886335"]
[WhiteElo "2509"]
[BlackElo "2375"]
[Result "1-0"]
[Round "8"]
[TimeControl "180+1"]
[Date "2023.08.22"]
[WhiteClock "0:00:50"]
[BlackClock "0:00:16"]
[Board "101"]

1. g3 d5 2. Bg2 Nf6 3. b3 g6 4. Bb2 Bg7 5. f4 c6 6. Nf3 Qb6 7. e3 Qa6 8. Bf1 Qb6 9. Bg2 Qa6 10. Bf1 Qb6 11. Be2 O-O 12. O-O a5 13. Nc3 Nbd7 14. Na4 Qc7 15. c4 dxc4 16. bxc4 Ne4 17. Bxg7 Kxg7 18. d3 Nec5 19. Nxc5 Nxc5 20. Qc2 f6 21. Qc3 Bg4 22. Rfb1 Rfd8 23. Kf2 Qd7 24. Rd1 Bxf3 25. Bxf3 Qe6 26. d4 Ne4+ 27. Bxe4 Qxe4 28. Qd3 Qe6 29. Rab1 Rd7 30. Kf3 Rad8 31. Rdc1 h5 32. Qe4 Qg4+ 33. Kf2 Kf7 34. Qf3 Qh3 35. Qg2 Qxg2+ 36. Kxg2 e5 37. fxe5 fxe5 38. d5 Ke7 39. e4 Kd6 40. c5+ Ke7 41. d6+ Ke6 42. Rf1 Rb8 43. Rf2 Rf7 44. Rxf7 Kxf7 45. Rb6 Ke6 46. Kf3 Rf8+ 47. Ke3 Rf7 48. Rb3 g5 49. Ra3 b6 50. cxb6 Kxd6 51. Rxa5 g4 52. a4 Rf3+ 53. Ke2 Rb3 54. Ra6 c5 55. a5 c4 56. Ra8 Kc6 57. Rc8+ Kb5 58. b7 Rb2+ 59. Ke3 Rb3+ 60. Kd2 Rb2+ 61. Kc1 1-0


[Site "https://www.chess.com"]

[Event "Titled Tuesday Blitz August 22 Late 2023"]
[White "Nurgaliyeva, Zarina"]
[Black "KorolDimitriy75"]
[WhiteFideId "13730096"]
[WhiteElo "2507"]
[BlackElo "2357"]
[Result "1-0"]
[Round "8"]
[TimeControl "180+1"]
[Date "2023.08.22"]
[WhiteClock "0:00:07"]
[BlackClock "0:00:00"]
[Board "102"]

1. e4 c5 2. Nf3 d6 3. Bb5+ Nd7 4. d4 Nf6 5. e5 cxd4 6. exf6 Qa5+ 7. c3 Qxb5 8. fxe7 Bxe7 9. Nxd4 Qe5+ 10. Qe2 O-O 11. O-O Qxe2 12. Nxe2 Nf6 13. Rd1 d5 14. Bg5 Be6 15. Nd2 Rfe8 16. Nb3 Rad8 17. Ned4 h6 18. Bf4 a6 19. a4 Ne4 20. Bc7 Rc8 21. Bb6 Nd6 22. Na5 Nc4 23. Nxc4 Rxc4 24. Nb3 Rcc8 25. Na5 Rb8 26. Bc7 Rbc8 27. Bb6 Rb8 28. f3 Rec8 29. Kf2 Kf8 30. g3 f6 31. Rd2 Kf7 32. Re1 Bf8 33. Rde2 Bf5 34. Nb3 Bd3 35. Rd2 Bc4 36. Nd4 Re8 37. b3 1-0


[Site "https://www.chess.com"]

[Event "Titled Tuesday Blitz August 22 Late 2023"]
[White "Jaskolka, Tomasz"]
[Black "rionelG"]
[WhiteFideId "1170791"]
[WhiteElo "2499"]
[BlackElo "2355"]
[Result "1-0"]
[Round "8"]
[TimeControl "180+1"]
[Date "2023.08.22"]
[WhiteClock "0:01:05"]
[BlackClock "0:00:00"]
[Board "103"]

1. e4 c5 2. Nf3 d6 3. Bb5+ Nd7 4. a4 a6 5. Bc4 Ne5 6. Nxe5 dxe5 7. Qh5 e6 8. Qxe5 Nf6 9. Nc3 Qd4 10. Qxd4 cxd4 11. Ne2 Nxe4 12. d3 Bb4+ 13. Kf1 Nd6 14. Nxd4 Nxc4 15. dxc4 O-O 16. c3 Be7 17. Be3 e5 18. Nf3 f6 19. Ke2 Be6 20. b3 b5 21. axb5 axb5 22. cxb5 Bxb3 23. Nd2 Bd5 24. f3 Rac8 25. Rhc1 Bc5 26. c4 Be6 27. Ra6 Kf7 28. Bxc5 Rxc5 29. Ne4 Bxc4+ 30. Rxc4 Rxc4 31. Nd6+ Ke6 32. Nxc4+ Kd5 33. Nb6+ Kd6 34. Ra7 Rb8 35. Nc4+ Kc5 36. Rc7+ Kxb5 37. Nd6+ Kb6 38. Rxg7 Kc6 39. Ne4 f5 40. Nd2 Kd5 41. Rxh7 Rg8 42. g3 Rb8 43. h4 Ke6 44. Rh6+ Kf7 45. Ra6 Rb4 46. Kf2 Rd4 47. Nf1 Rb4 48. Ra2 1-0


[Site "https://www.chess.com"]

[Event "Titled Tuesday Blitz August 22 Late 2023"]
[White "Han, Yichen"]
[Black "Vafin, Ayrat"]
[WhiteFideId "1054430"]
[BlackFideId "4146530"]
[WhiteElo "2360"]
[BlackElo "2494"]
[Result "0-1"]
[Round "8"]
[TimeControl "180+1"]
[Date "2023.08.22"]
[WhiteClock "0:00:06"]
[BlackClock "0:00:12"]
[Board "104"]

1. e4 e5 2. Nf3 Nf6 3. Nc3 Bb4 4. Nxe5 O-O 5. Be2 Re8 6. Nd3 Bxc3 7. dxc3 Nxe4 8. O-O d5 9. Nf4 c6 10. Bf3 Nd7 11. c4 dxc4 12. Qd4 Ng5 13. Be2 Ne5 14. Qc3 Ne4 15. Qa3 Bf5 16. Be3 Qh4 17. h3 b5 18. Rad1 Ng6 19. Nxg6 Bxg6 20. Bf3 a5 21. Bxe4 Bxe4 22. Qc5 Bd5 23. Rd4 Qf6 24. Rf4 Qe5 25. Rg4 Qe6 26. Qd4 g6 27. Qf4 f6 28. Qh6 Qf7 29. Qh4 Re6 30. Bd4 Rae8 31. Qg3 Re4 32. Rd1 Rxg4 33. Qxg4 Qe6 34. Qg3 Kf7 35. Qf4 Re7 36. Qh6 Kg8 37. Qf4 Kg7 38. h4 h5 39. Be3 Qe4 40. Qh6+ Kf7 41. Rd4 Qxg2# 0-1


[Site "https://www.chess.com"]

[Event "Titled Tuesday Blitz August 22 Late 2023"]
[White "Urbina Perez, Juan Antonio"]
[Black "Senft, Sean"]
[WhiteFideId "2217368"]
[BlackFideId "2044960"]
[WhiteElo "2485"]
[BlackElo "2354"]
[Result "0-1"]
[Round "8"]
[TimeControl "180+1"]
[Date "2023.08.22"]
[WhiteClock "0:00:10"]
[BlackClock "0:00:04"]
[Board "105"]

1. e4 c5 2. Nf3 d6 3. Bb5+ Bd7 4. c4 g6 5. Nc3 Bg7 6. d3 e5 7. Be3 Ne7 8. Qd2 Nbc6 9. h3 Nd4 10. Bxd4 cxd4 11. Bxd7+ Qxd7 12. Nd5 Nxd5 13. cxd5 f5 14. O-O Bf6 15. Ng5 Bxg5 16. Qxg5 Qe7 17. Qh6 f4 18. f3 Qf8 19. Qh4 Qg7 20. Rfc1 O-O 21. Rc2 Rac8 22. Rac1 Qd7 23. Kh2 Rxc2 24. Rxc2 Rc8 25. Rxc8+ Qxc8 26. Qf6 Qd7 27. b3 a5 28. a4 Qc7 29. Qe6+ Kg7 30. h4 Qd8 31. Kh3 Qb6 32. Kg4 h5+ 33. Kh3 Qb4 34. Qe7+ Kg8 35. Qe8+ Kg7 36. Qe7+ Kg8 37. g3 Qe1 38. gxf4 Qh1+ 39. Kg3 Qe1+ 40. Kh3 exf4 41. Qd8+ Kf7 42. Qd7+ Kg8 43. Qe6+ Kh7 44. Qf7+ Kh6 45. Qxf4+ Kh7 46. Qf7+ Kh6 47. Qf8+ Kh7 48. Qf7+ Kh6 49. Qf4+ Kh7 50. Qg3 Qh1+ 51. Qh2 Qxf3+ 52. Qg3 Qh1+ 53. Qh2 Qf1+ 54. Qg2 Qxd3+ 55. Kh2 Qe3 56. Qf1 Qd2+ 57. Kh3 Qc3+ 58. Kh2 d3 59. Qf7+ Qg7 60. Qf2 Qe5+ 61. Kh1 Kg7 62. Qe3 Qa1+ 63. Kh2 Qb2+ 64. Kh3 d2 65. Qf3 Qa1 66. e5 Qxe5 67. Qd1 Qe3+ 68. Kg2 Qe1 69. Qf3 d1=Q 70. Qf4 Qde2+ 71. Kh3 Qh1+ 72. Kg3 Qhg2# 0-1


[Site "https://www.chess.com"]

[Event "Titled Tuesday Blitz August 22 Late 2023"]
[White "Martinez, Shawn"]
[Black "Seletsky, Grigory"]
[WhiteFideId "2039770"]
[BlackFideId "14112191"]
[WhiteElo "2348"]
[BlackElo "2473"]
[Result "0-1"]
[Round "8"]
[TimeControl "180+1"]
[Date "2023.08.22"]
[WhiteClock "0:00:26"]
[BlackClock "0:00:59"]
[Board "106"]

1. e4 e6 2. Nc3 d5 3. d4 Nc6 4. e5 Nge7 5. Bg5 h6 6. Bh4 g5 7. Bg3 Nf5 8. Bb5 Bd7 9. Bxc6 Bxc6 10. Nge2 h5 11. h4 gxh4 12. Bf4 Bh6 13. Qd2 Bxf4 14. Qxf4 Qe7 15. O-O-O O-O-O 16. Rh2 Rdg8 17. Rdh1 Rg4 18. Qd2 Rhg8 19. Nf4 Qg5 20. Nce2 Bb5 21. f3 Rg3 22. Nxg3 Nxg3 23. Rxh4 Nxh1 24. Rxh1 h4 25. b3 b6 26. Qf2 Qxf4+ 27. Kb2 Rg3 28. a4 Bc6 29. c3 Qg5 30. Rh2 a5 31. Qc2 Kb7 32. Qh7 Rxg2+ 33. Rxg2 Qxg2+ 34. Ka3 h3 35. Qxf7 h2 36. Qxe6 h1=Q 0-1


[Site "https://www.chess.com"]

[Event "Titled Tuesday Blitz August 22 Late 2023"]
[White "Toropov, Pavel"]
[Black "Gerbelli Neto, Eduardo"]
[WhiteFideId "24129178"]
[BlackFideId "2103281"]
[WhiteElo "2470"]
[BlackElo "2315"]
[Result "1-0"]
[Round "8"]
[TimeControl "180+1"]
[Date "2023.08.22"]
[WhiteClock "0:00:09"]
[BlackClock "0:00:06"]
[Board "107"]

1. e4 e5 2. d4 exd4 3. Nf3 Nc6 4. Nxd4 Bc5 5. Nb3 Bb6 6. Nc3 Nge7 7. Bg5 f6 8. Bf4 O-O 9. Qd2 d6 10. O-O-O Be6 11. f3 a5 12. a4 Ne5 13. Kb1 Qe8 14. h4 Qf7 15. Nd4 Bc4 16. Ndb5 Rad8 17. Nd5 Nxd5 18. exd5 Bxf1 19. Rhxf1 Rfe8 20. Rfe1 Nc4 21. Qd3 Ne5 22. Qb3 Bc5 23. Re4 c6 24. dxc6 Qxb3 25. cxb3 bxc6 26. Nc7 Re7 27. Na6 Bb6 28. b4 d5 29. Ree1 Ra8 30. b5 cxb5 31. axb5 Rd8 32. Ka2 Kf7 33. b4 axb4 34. Kb3 Ra8 35. Nxb4 Rd8 36. Nc6 Nxc6 37. bxc6 Rxe1 38. Rxe1 Rc8 39. Rc1 Ke6 40. Kb4 Bc7 41. Bxc7 Rxc7 42. Kc5 f5 43. Re1+ Kf6 44. Kd6 Rc8 45. Kd7 Rf8 46. c7 Rf7+ 47. Kd8 1-0


[Site "https://www.chess.com"]

[Event "Titled Tuesday Blitz August 22 Late 2023"]
[White "Filip, Andrei"]
[Black "Fernandez Lopez, Ruben"]
[WhiteFideId "1249452"]
[BlackFideId "24518298"]
[WhiteElo "2344"]
[BlackElo "2469"]
[Result "1-0"]
[Round "8"]
[TimeControl "180+1"]
[Date "2023.08.22"]
[WhiteClock "0:00:11"]
[BlackClock "0:01:27"]
[Board "108"]

1. d4 b6 2. e4 Bb7 3. Bd3 e6 4. c4 Bb4+ 5. Bd2 Bxd2+ 6. Nxd2 Nc6 7. Ngf3 d6 8. O-O e5 9. d5 Nce7 10. b4 Nf6 11. c5 O-O 12. c6 Bc8 13. a4 a5 14. b5 Nh5 15. g3 f5 16. Nxe5 fxe4 17. Nxe4 dxe5 18. Qxh5 Qxd5 19. Rad1 Bf5 20. Bb1 Qb3 21. Ng5 h6 22. Ne4 Qxa4 23. Qh4 Qxb5 24. Qxe7 Qxc6 25. Rc1 Qg6 26. Rxc7 Rae8 27. Qa3 Bxe4 28. Qb3+ Kh8 29. Bxe4 Qxe4 30. Qxb6 Qd5 31. Qa7 Rg8 32. Rd7 Qb5 33. Rb7 Ra8 34. Rxb5 Rxa7 35. Ra1 a4 36. Rxe5 a3 37. Ra2 Rb8 38. Kg2 Rb2 39. Re8+ Kh7 40. Rxb2 axb2 41. Rb8 Ra2 42. h4 h5 43. Kf3 Kg6 44. Kf4 Kf6 45. Rb6+ Ke7 46. Kg5 Kd7 47. Kxh5 Kc7 48. Rb3 Kc6 49. Kg6 Kc5 50. Kxg7 Kc4 51. Rb8 Kc3 52. h5 Ra7+ 53. Kg6 Ra4 54. Rxb2 Kxb2 55. h6 Rg4+ 56. Kf7 Ra4 57. h7 Ra7+ 58. Kg6 Ra8 59. Kg7 Ra7+ 60. Kh6 Ra8 61. g4 Kc3 62. g5 Kd4 63. g6 Ke5 64. g7 Ra6+ 65. Kg5 1-0


[Site "https://www.chess.com"]

[Event "Titled Tuesday Blitz August 22 Late 2023"]
[White "Chemin, Justo Reinaldo"]
[Black "Buchenau, Frank"]
[WhiteFideId "2101580"]
[BlackFideId "4604350"]
[WhiteElo "2291"]
[BlackElo "2457"]
[Result "0-1"]
[Round "8"]
[TimeControl "180+1"]
[Date "2023.08.22"]
[WhiteClock "0:00:05"]
[BlackClock "0:00:46"]
[Board "109"]

1. d4 e6 2. e4 d5 3. Nc3 Nf6 4. exd5 exd5 5. Bd3 Bg4 6. f3 Bh5 7. Nge2 Bg6 8. Bg5 c6 9. Bxg6 hxg6 10. Qd3 Nbd7 11. O-O-O Be7 12. Nf4 Nb6 13. Rde1 Qd7 14. Re2 O-O-O 15. Rhe1 Bb4 16. h3 Nc4 17. a3 Bd6 18. h4 Qc7 19. Nh3 Qb6 20. Na4 Qb5 21. Bxf6 gxf6 22. Qb3 Qxb3 23. cxb3 Na5 24. Kc2 Rxh4 25. Nf2 Rxd4 26. Nc3 Rh4 27. Nfd1 f5 28. b4 Nc4 29. Nb1 b6 30. b3 Nxa3+ 31. Nxa3 Bxb4 32. Nb1 Bxe1 33. Rxe1 Kd7 34. Nbc3 Rh2 35. Re2 Re8 36. Rd2 Re1 37. Nb2 Rg1 38. Nd3 Rgxg2 39. Rxg2 Rxg2+ 40. Kd1 Kd6 41. f4 d4 42. Ne2 c5 43. Ne5 f6 44. Nc4+ Kd5 45. Kd2 b5 46. Nb2 c4 47. bxc4+ bxc4 48. Nd1 Rh2 49. Ke1 a5 50. Nf2 a4 51. Nc1 a3 52. Nd1 a2 53. Nxa2 Rxa2 0-1


[Site "https://www.chess.com"]

[Event "Titled Tuesday Blitz August 22 Late 2023"]
[White "Hajiyev, Kanan"]
[Black "Akhayan, Ruben"]
[WhiteFideId "13404148"]
[BlackFideId "204439"]
[WhiteElo "2456"]
[BlackElo "2275"]
[Result "1-0"]
[Round "8"]
[TimeControl "180+1"]
[Date "2023.08.22"]
[WhiteClock "0:01:13"]
[BlackClock "0:00:22"]
[Board "110"]

1. d4 Nf6 2. Nf3 g6 3. b3 Bg7 4. Bb2 O-O 5. g3 d5 6. Bg2 c6 7. O-O Bg4 8. Nbd2 Nbd7 9. h3 Bxf3 10. Nxf3 e6 11. Ne5 Nxe5 12. dxe5 Nd7 13. f4 f6 14. exf6 Bxf6 15. Bxf6 Qxf6 16. e4 Nc5 17. e5 Qf5 18. g4 Qf7 19. Qd4 b6 20. b4 Nd7 21. Qe3 b5 22. f5 Rfe8 23. f6 Nb6 24. Rfe1 Nc4 25. Qh6 Qf8 26. Qf4 Kf7 27. h4 Rad8 28. c3 Rd7 29. a4 a6 30. axb5 axb5 31. Ra6 Rc8 32. h5 Qg8 33. Rea1 gxh5 34. Ra7 Rcc7 35. Ra8 Rc8 36. Rxc8 Qxc8 37. Qh6 Qg8 38. Ra8 Qxa8 39. Qg7+ Ke8 40. Qg8# 1-0


[Site "https://www.chess.com"]

[Event "Titled Tuesday Blitz August 22 Late 2023"]
[White "Wieczorek, Zbigniew"]
[Black "The_Straightforward_Rook"]
[WhiteFideId "1102001"]
[WhiteElo "2193"]
[BlackElo "2452"]
[Result "0-1"]
[Round "8"]
[TimeControl "180+1"]
[Date "2023.08.22"]
[WhiteClock "0:00:03"]
[BlackClock "0:00:27"]
[Board "111"]

1. g3 e5 2. Bg2 d5 3. c3 Nf6 4. d4 e4 5. Bg5 Nbd7 6. Nd2 h6 7. Bxf6 Nxf6 8. e3 Bd6 9. c4 c6 10. Ne2 O-O 11. cxd5 cxd5 12. Nc3 Be6 13. Qb3 Qd7 14. O-O a6 15. Na4 Qb5 16. Rfc1 Rac8 17. Bf1 Qxb3 18. Nxb3 Rxc1 19. Rxc1 Rc8 20. Rxc8+ Bxc8 21. Nb6 Be6 22. Nc5 Bxc5 23. dxc5 Nd7 24. b4 Nxb6 25. cxb6 d4 26. exd4 Bxa2 27. Bxa6 Bd5 28. Bb5 Kf8 29. Kf1 Ke7 30. Ke2 Kd6 31. Ke3 g5 32. g4 Be6 33. h3 f5 34. Be2 Kc6 35. gxf5 Bxf5 36. Bg4 Bg6 37. Be6 Kxb6 38. d5 Kc7 39. Kd4 Kd6 40. Bg4 h5 41. Bd1 g4 42. h4 b6 43. Bc2 e3 44. Bd1 exf2 45. Be2 g3 46. Bf1 Bf7 47. Ke3 Bxd5 48. Kf4 g2 0-1


[Site "https://www.chess.com"]

[Event "Titled Tuesday Blitz August 22 Late 2023"]
[White "KrokerGuy"]
[Black "Osmonbekov, Talaibek"]
[BlackFideId "2017253"]
[WhiteElo "2451"]
[BlackElo "2212"]
[Result "1-0"]
[Round "8"]
[TimeControl "180+1"]
[Date "2023.08.22"]
[WhiteClock "0:00:09"]
[BlackClock "0:00:00"]
[Board "112"]

1. e4 c5 2. Nf3 d6 3. d4 cxd4 4. Nxd4 Nf6 5. Nc3 g6 6. Be3 Bg7 7. f3 O-O 8. Bc4 Nc6 9. Qd2 Bd7 10. O-O-O Rc8 11. Bb3 Nxd4 12. Bxd4 b5 13. Bxa7 Qa5 14. Bd4 b4 15. Nd5 Nxd5 16. Bxg7 Kxg7 17. exd5 Ba4 18. Qe3 Rc5 19. Kb1 Rfc8 20. Rd2 R8c7 21. h4 h6 22. g4 Qa6 23. Qd4+ Kh7 24. Qxb4 Bxb3 25. Qxb3 Rb7 26. Qd3 Qb6 27. b3 Ra5 28. h5 Qa7 29. hxg6+ fxg6 30. c4 Ra3 31. Rb2 Qc5 32. g5 1-0


[Site "https://www.chess.com"]

[Event "Titled Tuesday Blitz August 22 Late 2023"]
[White "Feliz Dotel, Dewar Bienvenido"]
[Black "Sernecki, Franciszek"]
[WhiteFideId "6402801"]
[BlackFideId "1169297"]
[WhiteElo "2187"]
[BlackElo "2450"]
[Result "1/2-1/2"]
[Round "8"]
[TimeControl "180+1"]
[Date "2023.08.22"]
[WhiteClock "0:00:10"]
[BlackClock "0:00:19"]
[Board "113"]

1. d4 d5 2. e3 c6 3. c4 Nf6 4. Nf3 a6 5. Nc3 Bf5 6. Bd3 Bxd3 7. Qxd3 e6 8. O-O Nbd7 9. e4 dxe4 10. Nxe4 Be7 11. h3 O-O 12. Nxf6+ Nxf6 13. Be3 c5 14. Rfd1 cxd4 15. Bxd4 Qc7 16. b3 Rfd8 17. Qe3 Qc6 18. Ne5 Qe4 19. Qxe4 Nxe4 20. Bb6 Rxd1+ 21. Rxd1 Bf6 22. Ng4 h5 23. Nxf6+ Nxf6 24. Bd8 b5 25. Bxf6 gxf6 26. c5 b4 27. Rd6 Kf8 28. Rb6 a5 29. c6 Ke7 30. c7 Rc8 31. Rb5 f5 32. Rxa5 Rxc7 33. Rb5 Rc1+ 34. Kh2 Rc2 35. Rxb4 Rxa2 36. f3 Kf6 37. h4 Rb2 38. Rb7 f4 39. Rb5 e5 40. Rb7 Ke6 41. Rb6+ Kf5 42. Rb7 f6 43. Rb6 Kg6 44. b4 Kg7 45. Rb8 f5 46. b5 e4 47. fxe4 fxe4 48. Re8 e3 49. Re4 Rxb5 50. Rxf4 Re5 51. Rf1 e2 52. Re1 Kf6 53. Kg3 Kf5 54. Kf3 Re4 55. g3 Ra4 56. Rxe2 Ra3+ 57. Re3 Rxe3+ 58. Kxe3 Ke5 59. Kf3 Kf5 60. Kf2 Kf6 61. Ke2 Ke6 62. Ke3 Ke5 63. Kf3 Kf5 64. Kg2 Kg4 65. Kf2 Kf5 66. Kf3 Ke5 67. g4 hxg4+ 68. Kxg4 Kf6 69. Kh5 Kg7 70. Kg5 Kh8 71. Kg6 Kg8 72. h5 Kh8 73. h6 Kg8 74. Kh5 Kh8 75. Kg5 Kg8 76. Kg6 Kh8 77. Kg5 Kg8 78. Kg4 Kh8 79. Kh5 Kg8 80. Kg5 Kh8 81. Kg6 Kg8 82. Kf5 Kh8 83. Kg5 1/2-1/2


[Site "https://www.chess.com"]

[Event "Titled Tuesday Blitz August 22 Late 2023"]
[White "Kula, Robert"]
[Black "Salazar Farias, Luis German"]
[WhiteFideId "1101218"]
[BlackFideId "3902170"]
[WhiteElo "2160"]
[BlackElo "2450"]
[Result "0-1"]
[Round "8"]
[TimeControl "180+1"]
[Date "2023.08.22"]
[WhiteClock "0:00:00"]
[BlackClock "0:00:53"]
[Board "114"]

1. d4 Nf6 2. c4 e6 3. Nf3 d5 4. Nc3 Bb4 5. e3 O-O 6. Bd3 dxc4 7. Bxc4 c5 8. O-O Nc6 9. Ne2 cxd4 10. Nexd4 Nxd4 11. exd4 b6 12. Bg5 Bb7 13. Qb3 Be7 14. Rad1 Rc8 15. Ne5 Nd5 16. Bc1 Bf6 17. Rfe1 Ne7 18. Qd3 Bd5 19. b3 Ng6 20. Ng4 Bg5 21. f4 Bxf4 22. Bxf4 Nxf4 23. Qg3 Ng6 24. Ba6 Rc2 25. Nf2 Rxa2 26. Bc4 Ba8 0-1


[Site "https://www.chess.com"]

[Event "Titled Tuesday Blitz August 22 Late 2023"]
[White "Tsyhanchuk, Stanislav"]
[Black "Castillo Pena, Patricia Evarista"]
[WhiteFideId "13505130"]
[BlackFideId "6412106"]
[WhiteElo "2444"]
[BlackElo "1964"]
[Result "1-0"]
[Round "8"]
[TimeControl "180+1"]
[Date "2023.08.22"]
[WhiteClock "0:01:11"]
[BlackClock "0:00:29"]
[Board "115"]

1. c4 Nf6 2. Nc3 c6 3. e3 d5 4. Nf3 e6 5. b3 Nbd7 6. Bb2 Bd6 7. d4 O-O 8. Bd3 Qe7 9. O-O h6 10. e4 dxe4 11. Nxe4 Nxe4 12. Bxe4 Nf6 13. Bc2 b6 14. Re1 Bb7 15. Qd3 g6 16. Qe3 Ng4 17. Qe4 Nf6 18. Qh4 Nh5 19. Qh3 Kh7 20. Qxh5 c5 21. Qh3 cxd4 22. Nxd4 Bc5 23. Nf5 Qg5 24. Ng3 Qd2 25. Re2 Qd6 26. Ne4 Qf4 27. Nf6+ 1-0


[Site "https://www.chess.com"]

[Event "Titled Tuesday Blitz August 22 Late 2023"]
[White "Antonio, Jorge Carlos"]
[Black "Fiorito, Joaquin"]
[WhiteFideId "113190"]
[BlackFideId "180173"]
[WhiteElo "2312"]
[BlackElo "2594"]
[Result "1-0"]
[Round "8"]
[TimeControl "180+1"]
[Date "2023.08.22"]
[WhiteClock "0:00:39"]
[BlackClock "0:00:51"]
[Board "116"]

1. e4 c5 2. Nf3 d6 3. d4 cxd4 4. Nxd4 Nf6 5. Nc3 a6 6. Be3 e5 7. Nf3 Be7 8. Bc4 O-O 9. Bb3 Be6 10. O-O Qc8 11. Nd5 Bxd5 12. Bxd5 Nxd5 13. Qxd5 Nc6 14. c3 Kh8 15. Nd2 h6 16. Nc4 Qe6 17. Rfd1 Rad8 18. Qxe6 fxe6 19. Bb6 Rd7 20. a4 d5 21. b4 Bf6 22. Bc5 Re8 23. Nb6 Rf7 24. exd5 exd5 25. Nxd5 e4 26. Re1 Bg5 27. a5 Rd8 28. c4 Ne5 29. f4 Nxc4 30. fxg5 Rxd5 31. Rxe4 Ne5 32. gxh6 gxh6 33. Rxe5 Rxe5 34. Bd4 1-0


[Site "https://www.chess.com"]

[Event "Titled Tuesday Blitz August 22 Late 2023"]
[White "Pinheiro, Iung Alicio de O."]
[Black "Hercegovac, Neven"]
[WhiteFideId "2104350"]
[BlackFideId "2839135"]
[WhiteElo "2573"]
[BlackElo "2309"]
[Result "1-0"]
[Round "8"]
[TimeControl "180+1"]
[Date "2023.08.22"]
[WhiteClock "0:01:13"]
[BlackClock "0:01:17"]
[Board "117"]

1. d4 Nf6 2. c4 g6 3. Nc3 d5 4. Nf3 Bg7 5. e3 O-O 6. cxd5 Nxd5 7. Bc4 Nb6 8. Bb3 c5 9. d5 c4 10. Bc2 Bxc3+ 11. bxc3 Qxd5 12. Qe2 Bf5 13. e4 Qa5 14. exf5 Qxc3+ 15. Qd2 Qxa1 16. O-O Qxa2 17. Qh6 Qxc2 18. Ng5 1-0


[Site "https://www.chess.com"]

[Event "Titled Tuesday Blitz August 22 Late 2023"]
[White "Martinez Reyes, Pedro Ramon"]
[Black "Shapiro, Daniel"]
[WhiteFideId "3901807"]
[BlackFideId "2001780"]
[WhiteElo "2569"]
[BlackElo "2284"]
[Result "1-0"]
[Round "8"]
[TimeControl "180+1"]
[Date "2023.08.22"]
[WhiteClock "0:02:04"]
[BlackClock "0:00:00"]
[Board "118"]

1. d4 Nf6 2. c4 e6 3. Nc3 Bb4 4. e3 d5 5. cxd5 exd5 6. Ne2 c6 7. a3 Bd6 8. Ng3 O-O 9. Bd3 g6 10. O-O Re8 11. e4 Bxg3 12. fxg3 Nxe4 13. Bxe4 dxe4 14. d5 Na6 15. Bh6 f6 16. Qd4 Qb6 17. Qxb6 axb6 18. Rae1 f5 19. g4 Nc5 20. gxf5 gxf5 21. g4 Nd3 22. Re3 f4 23. Rxe4 Bxg4 24. Bxf4 Nc5 25. Rd4 Bh3 26. Rfd1 Kf7 27. dxc6 Rg8+ 28. Bg3 bxc6 29. b4 Ne6 30. Rd7+ Kf6 31. Ne4+ Kf5 32. Nd6+ Kg4 33. Rxh7 Ng5 34. Rh4+ Kf3 35. Rf4+ Ke3 36. Re1+ Kd3 37. Ne4 Nxe4 38. Rfxe4 Rgf8 39. R4e3+ Kd4 40. R3e2 Rf3 41. Rf2 Rxf2 42. Bxf2+ Kc4 43. Re4+ Kb5 44. Re5+ c5 45. bxc5 Rxa3 46. cxb6+ Kc6 47. Be3 Rb3 48. Kf2 Bc8 49. Kg3 Bb7 50. h4 Kd6 51. Re8 1-0


[Site "https://www.chess.com"]